 Dungeon Crawl Stone Soup version 0.20-a0-433-g9e36e56 (webtiles) character file.

280161 tsouns the Unseen (level 21, -9/149 HPs)
             Began as a Halfling Monk on Dec 26, 2016.
             Was a Follower of Uskayaw.
             Killed from afar by a deep elf mage (24 damage)
             ... with a bolt of negative energy
             ... on level 2 of the Vaults on Jan 3, 2017.
             The game lasted 03:21:46 (38783 turns).

tsouns the Unseen (Halfling Monk)                  Turns: 38783, Time: 03:21:48

Health: -9/149     AC: 28    Str: 17    XL:     21   Next: 33%
Magic:  20/31      EV: 24    Int: 14    God:    Uskayaw [*.....]
Gold:   2396       SH: 12    Dex: 20    Spells: 21/34 levels left

rFire  . . .     SeeInvis .     Q - +5 rapier (elec)
rCold  . . .     Gourm    .     t - quicksilver dragon scales
rNeg   . . .     Faith    .     i - +2 buckler "Pierirghe" {rElec Int+4 Stlth+}
rPois  +         Spirit   .     J - +2 hat {MR+}
rElec  +         Reflect  +     I - +2 cloak {rPois}
rCorr  .         Harm     .     M - +2 pair of gloves
MR     +++..                    N - +2 pair of boots
Stlth  ++++++++..               z - +2 amulet of reflection
                                O - +3 ring of evasion
                                E - +4 ring of protection

@: repel missiles, drained
A: mutation resistance 1
}: 2/15 runes: decaying, serpentine
a: Stomp, Renounce Religion


You were on level 2 of the Vaults.
You worshipped Uskayaw.
Uskayaw was pleased with you.
You were hungry.

You visited 7 branches of the dungeon, and saw 34 of its levels.
You visited the Abyss 1 time.

You collected 3248 gold pieces.
You spent 852 gold pieces at shops.

Inventory:

Hand Weapons
 e - a +1 scimitar of holy wrath
 s - a +2 falchion of electrocution
 Q - a +5 rapier of electrocution (weapon)
Missiles
 k - 45 tomahawks (quivered)
Armour
 i - the +2 buckler "Pierirghe" (worn) {rElec Int+4 Stlth+}
   (You bought it in a shop on level 2 of the Orcish Mines)

   It affects your intelligence (+4).
   It insulates you from electricity.
   It makes you more stealthy.
 t - quicksilver dragon scales (worn)
 I - a +2 cloak of poison resistance (worn)
 J - a +2 hat of magic resistance (worn)
 M - a +2 pair of gloves (worn)
 N - a +2 pair of boots (worn)
Jewellery
 z - a +2 amulet of reflection (around neck)
 E - a +4 ring of protection (left hand)
 O - a +3 ring of evasion (right hand)
 W - an uncursed ring of protection from fire
Wands
 h - a wand of clouds (0/9)
 p - a wand of digging (6/24)
 x - a wand of polymorph (12/24)
 H - a wand of iceblast (9/15)
 K - a wand of paralysis (3/24)
 Y - a wand of acid (3/15)
 Z - a wand of digging (9/24)
Scrolls
 j - 11 scrolls of remove curse
 o - 3 scrolls of blinking
 r - 6 scrolls of recharging
 y - 7 scrolls of fog
 B - 9 scrolls of teleportation
 C - a scroll of brand weapon
 F - 2 scrolls of fear
 G - a scroll of holy word
 U - 5 scrolls of magic mapping
Potions
 b - a potion of might
 d - 4 potions of agility
 g - 4 potions of haste
 l - 5 potions of heal wounds
 u - 3 potions of flight
 v - 2 potions of resistance
 w - 7 potions of brilliance
 A - a potion of berserk rage
 L - 8 potions of curing
 R - 2 potions of cure mutation
 T - 5 potions of cancellation
 V - a potion of invisibility
 X - 3 potions of magic
Miscellaneous
 a - a fan of gales
 m - a lamp of fire (inert)
 D - a lightning rod (4/4)
 S - a phial of floods
Comestibles
 c - 16 bread rations
 f - 13 meat rations
 q - 21 fruits


   Skills:
 + Level 14.7(13.9) Fighting
 - Level 13.6(14.4) Short Blades
 + Level 9.8(11.4) Long Blades
 - Level 9.6(8.9) Armour
 - Level 10.4(9.7) Dodging
 + Level 19.8(19.0) Stealth
 - Level 8.1(7.5) Shields
 - Level 7.2(6.5) Spellcasting
 - Level 6.2(5.6) Hexes
 - Level 1.2(0.6) Charms
 - Level 1.8(1.2) Translocations
 - Level 8.0(7.3) Ice Magic
 - Level 1.0(0.4) Air Magic
 - Level 12.0(11.2) Invocations
 - Level 7.0(6.4) Evocations


You had 21 spell levels left.
You knew the following spells:

 Your Spells              Type           Power        Failure   Level  Hunger
a - Blink                 Tloc           N/A          24%         2    #......
b - Repel Missiles        Chrm/Air       #.....       30%         2    #......
c - Ensorcelled Hibernat  Hex/Ice        ###...       2%          2    #......
d - Shadow Creatures      Summ           N/A          100%        6    #######
e - Apportation           Tloc           #.........   17%         1    None


Dungeon Overview and Level Annotations

Branches:
Dungeon (15/15)            Temple (1/1) D:4            Lair (6/6) D:10
  Swamp (4/4) Lair:3        Snake (4/4) Lair:3        Slime (0/5) Lair:6
    Orc (2/2) D:11            Elf (0/3) Orc:2        Vaults (2/5) D:14
 Depths (0/5) D:15
  Crypt: Vaults:2-3

Altars:
Ashenzari
Cheibriados
Dithmenos
Elyvilon
Fedhas
Gozag
Hepliaklqana
Kikubaaqudgha
Makhleb
Nemelex Xobeh
Okawaru
Qazlal
Ru
Sif Muna
Trog
Uskayaw
Vehumet
Xom
Yredelemnul
Zin
The Shining One
Beogh
Jiyva

Shops:
D:6 ?   D:14 %   Orc:2 (=[*   Vaults:2 :!(*%

Annotations:
D:9 Gorice's ghost, journeyman MiNe
Lair:4 Urug
Swamp:3 exclusion: Roxanne, Roxanne
Swamp:4 Mara


Innate Abilities, Weirdness & Mutations

You are small and have problems with some larger weapons.
You are somewhat resistant to further mutation.


Message History

The yaktaur shoots a bolt.
You reflect the bolt off an invisible shield around you!
The bolt hits the yaktaur!!
The bolt freezes the yaktaur.
There is an open door, spattered with blood here.
Things that are here:
a dire flail x2
You block the war gargoyle's attack.
You open the door.
The war gargoyle hits you with a morningstar!
* * * LOW HITPOINT WARNING * * *
There is an open door here.
The war gargoyle launches metal splinters at you.
The spray of metal splinters misses you.
The deep elf mage casts a spell at you.
The bolt of negative energy hits the war gargoyle.
The war gargoyle completely resists.
The bolt of negative energy hits the demonic crawler.
The demonic crawler completely resists.
The bolt of negative energy hits you!
You feel drained.
You die...

####..####..#[.#
#.o# #..#
#..#).# #..#
#### #..#..#
#..# #..#..#.
#..# #..#[)#s
#..#
#..#).#..#..#
#..#..# .#..#
#..#..# +..#
#..#.@####..#
#..#..s..#4J#
#..#..#9.#ec#
#..+..#)e#).#
#..+..#..c4.#
#############


You could see a demonic crawler, a war gargoyle, a hellwing, a yaktaur and a
deep elf mage.

Vanquished Creatures
  Nikola (Swamp:1)
  2 thorn hunters
  A storm dragon (Vaults:2)
  Kirke (Swamp:1)
  A fire giant (Vaults:2)
  The ghost of Gorice the Merchant of Misery, an adept DsNe of Kikubaaqudgha (Vaults:1)
  7 nagarajas
  An orc warlord (Orc:2)
  5 vault wardens
  Louise (Snake:1)
  7 ironheart preservers
  3 stone giants
  A very ugly thing (Vaults:2)
  Nessos (D:12)
  A vampire knight (Vaults:2)
  An entropy weaver (Vaults:2)
  A deep elf demonologist (Vaults:2)
  A deep elf annihilator (Vaults:2)
  A deep elf death mage (Vaults:2)
  2 ettins
  3 yaktaur captains
  12 vault guards
  2 great orbs of eyes
  2 rakshasas
  An ice dragon (Vaults:2)
  14 naga warriors
  21 hydras
  A ghost crab (Swamp:4)
  8 catoblepae
  13 anacondas
  8 alligators
  A death knight (Vaults:2)
  Erica (D:9)
  7 centaur warriors
  3 ogre magi
  15 death yaks
  15 two-headed ogres
  4 orc high priests (Orc:2)
  11 shock serpents
  17 naga sharpshooters
  6 deep elf knights
  A soul eater (Abyss:2)
  9 skeletal warriors
  A death drake (Abyss:2)
  A spatial maelstrom (Abyss:2)
  A fire crab (shapeshifter) (Vaults:1)
  2 shambling mangroves (Swamp:3)
  A deep troll (Vaults:2)
  A glowing orange brain (Vaults:1)
  8 unseen horrors
  A spriggan druid (Swamp:3)
  3 deep elf archers
  7 swamp dragons
  2 wizards
  6 naga ritualists
  9 harpies
  4 ironbrand convokers
  5 orc sorcerers
  23 deep elf magi
  6 orc knights
  A shadow dragon zombie (Abyss:2)
  7 ugly things
  7 cyclopes
  9 mana vipers
  4 manticores
  A worldbinder (Abyss:2)
  A salamander (shapeshifter) (Vaults:2)
  10 elephants
  10 salamanders
  An apocalypse crab (Abyss:2)
  A guardian serpent (Snake:4)
  21 black mambas
  29 naga magi
  6 vault sentinels
  A torpor snail (Lair:6)
  12 spiny frogs
  A centaur skeleton (D:14)
  2 freezing wraiths
  A kobold demonologist (D:15)
  3 komodo dragons
  11 yaktaurs
  2 tengu conjurers
  A hellwing (Abyss:2)
  A meliai (shapeshifter) (Vaults:1)
  3 tyrant leeches
  A polar bear (Lair:5)
  7 trolls
  Prince Ribbit (D:6)
  3 bog bodies
  17 hornets
  33 slime creatures
  24 blink frogs
  Sigmund (D:6)
  7 hippogriffs
  An ice dragon skeleton (Abyss:2)
  2 vampires
  13 spriggans
  Eustachio (D:4)
  6 large abominations (Abyss:2)
  A tarantella (shapeshifter) (D:15)
  5 wyverns
  A centaur simulacrum (D:11)
  4 wraiths
  3 shadows
  41 yaks
  3 basilisks
  5 hogs (Swamp:1)
  A hungry ghost (D:13)
  A fire bat (shapeshifter) (Vaults:2)
  A golden eye (shapeshifter) (Vaults:1)
  A steam dragon (D:11)
  A basilisk (shapeshifter) (Vaults:2)
  A golden eye (Abyss:2)
  11 vampire mosquitoes
  A spatial vortex (Abyss:2)
  63 nagas
  A warg (Orc:1)
  Menkaure (D:5)
  A soldier ant (D:15)
  20 swamp worms
  6 small abominations (Abyss:2)
  11 water moccasins
  17 swamp drakes
  9 porcupines
  7 sky beasts
  4 ice beasts
  38 orc warriors
  3 black bears
  An eye of draining (D:11)
  3 phantoms
  2 necrophages
  3 boggarts (Vaults:2)
  14 ogres
  12 centaurs
  20 wolves
  15 crocodiles
  4 big kobolds
  Blork the orc (D:6)
  16 bullfrogs
  5 scorpions
  12 wights
  2 howler monkeys
  5 electric eels
  12 crimson imps
  5 centaur zombies
  2 bullfrog zombies
  2 quasits
  An iron imp (Abyss:2)
  3 jellies
  4 bullfrog skeletons
  7 hounds
  Crazy Yiuf (D:5)
  24 orc priests
  36 orc wizards
  11 worker ants
  5 iguanas
  4 hell rats (Lair:1)
  12 adders
  6 river rats (Lair:1)
  2 shadow imps
  A white imp (Abyss:2)
  An ufetubus (Abyss:2)
  An ooze (D:2)
  2 adder skeletons
  An adder zombie (D:6)
  5 worms
  3 dart slugs
  3 leopard geckos (D:1)
  82 orcs
  6 bats
  5 giant cockroaches
  2 gnoll zombies (D:5)
  14 goblins
  9 hobgoblins
  19 jackals
  5 quokkas
  8 frilled lizards
  A jackal skeleton (D:5)
  22 kobolds
  A leopard gecko zombie (D:8)
  2 quokka skeletons
  12 rats
  A fungus (D:5)
  A plant (Lair:1)
1280 creatures vanquished.

Vanquished Creatures (collateral kills)
  the Lernaean hydra (Swamp:4)
  4 swamp dragons (Swamp:4)
  A swamp drake (Swamp:4)
6 creatures vanquished.

Vanquished Creatures (others)
  A deep elf archer (Vaults:1)
  A yaktaur (Vaults:1)
  A human (Swamp:1)
  A naga (Snake:1)
  A swamp worm (Swamp:4)
  15 fungi
  22 plants
42 creatures vanquished.

Grand Total: 1328 creatures vanquished

Notes
Turn   | Place    | Note
-------+----------+-------------------------------------------
     0 | D:1      | tsouns the Halfling Monk began the quest for the Orb.
     0 | D:1      | Reached XP level 1. HP: 15/15 MP: 1/1
    67 | D:1      | Reached XP level 2. HP: 17/20 MP: 2/2
   363 | D:1      | Reached skill level 3 in Stealth
   363 | D:1      | Reached XP level 3. HP: 25/25 MP: 3/3
   636 | D:2      | Reached XP level 4. HP: 25/30 MP: 4/4
  1055 | D:2      | Reached skill level 5 in Short Blades
  1119 | D:2      | Reached skill level 4 in Stealth
  1289 | D:2      | Reached XP level 5. HP: 35/35 MP: 5/5
  1726 | D:3      | Learned a level 2 spell: Blink
  1729 | D:3      | Learned a level 2 spell: Repel Missiles
  1838 | D:3      | Reached skill level 5 in Stealth
  1843 | D:3      | Reached XP level 6. HP: 35/41 MP: 6/6
  2156 | D:4      | Found a staircase to the Ecumenical Temple.
  2161 | D:4      | Noticed a black bear
  2165 | D:4      | Killed a black bear
  2165 | D:4      | Reached skill level 6 in Stealth
  2165 | D:4      | Reached XP level 7. HP: 35/45 MP: 7/7
  2175 | Temple   | Entered the Ecumenical Temple
  2404 | D:4      | Got an encrusted leather armour
  2431 | D:4      | Identified the +3 leather armour "Susempan" {rF+++ rC- Regen+} (You found it on level 4 of the Dungeon)
  2469 | D:4      | Found a shimmering altar of Xom.
  2550 | D:4      | Found a sparkling altar of Nemelex Xobeh.
  2658 | D:4      | Reached skill level 7 in Stealth
  2721 | D:4      | Reached XP level 8. HP: 52/52 MP: 8/8
  2760 | D:4      | Noticed Eustachio
  2795 | D:4      | Killed Eustachio
  2997 | D:5      | Entered Level 5 of the Dungeon
  3089 | D:5      | Reached skill level 8 in Stealth
  3091 | D:5      | Upgraded the game from 0.20-a0-351-gc9b4002 to 0.20-a0-369-g71b9d6e
  3160 | Temple   | Became a worshipper of Uskayaw the Reveler
  3160 | Temple   | Reached * piety under Uskayaw
  3244 | D:5      | Reached ** piety under Uskayaw
  3263 | D:5      | Reached *** piety under Uskayaw
  3267 | D:5      | Reached **** piety under Uskayaw
  3274 | D:5      | Reached ***** piety under Uskayaw
  3530 | D:5      | Noticed Menkaure
  3531 | D:5      | Killed Menkaure
  3531 | D:5      | Reached XP level 9. HP: 60/60 MP: 9/9
  3598 | D:5      | Found a basalt altar of Yredelemnul.
  3748 | D:5      | Found a runed door.
  3754 | D:5      | Gained mutation: You are partially covered in rugged brown scales. (AC +1, +3% HP) [potion of beneficial mutation]
  3756 | D:5      | Noticed Crazy Yiuf
  3817 | D:5      | Paralysed by Crazy Yiuf for 2 turns
  3820 | D:5      | Killed Crazy Yiuf
  3820 | D:5      | Reached skill level 5 in Fighting
  3848 | D:5      | Upgraded the game from 0.20-a0-369-g71b9d6e to 0.20-a0-421-gf6b327c
  4081 | D:6      | Found Miph's Magic Scroll Emporium.
  4084 | D:6      | Bought a scroll of noise for 14 gold pieces
  4084 | D:6      | Bought a scroll of vulnerability for 105 gold pieces
  4084 | D:6      | Bought a scroll of fog for 28 gold pieces
  4084 | D:6      | Bought a scroll of identify for 28 gold pieces
  4084 | D:6      | Bought a scroll of teleportation for 42 gold pieces
  4239 | D:6      | Reached skill level 9 in Stealth
  4295 | D:6      | Noticed Prince Ribbit
  4304 | D:6      | Killed Prince Ribbit
  4340 | D:6      | Noticed Blork the orc
  4374 | D:6      | Killed Blork the orc
  4532 | D:6      | Noticed Sigmund
  4534 | D:6      | Killed Sigmund
  4663 | D:7      | Found a burning altar of Makhleb.
  4732 | D:7      | Reached skill level 10 in Short Blades
  4860 | D:7      | Reached skill level 10 in Stealth
  4860 | D:7      | Reached XP level 10. HP: 71/71 MP: 10/10
  5271 | D:7      | Reached skill level 1 in Armour
  5641 | D:8      | Got a warped trident
  5642 | D:8      | Identified the +5 trident of Utoe {flame, rC- Str+2 Stlth+} (You found it on level 8 of the Dungeon)
  6268 | D:9      | Noticed Erica
  6270 | D:9      | Killed Erica
  6328 | D:9      | Noticed Gorice's ghost (journeyman MiNe)
  6336 | D:9      | Found a hazy altar of Hepliaklqana.
  6378 | D:9      | Reached skill level 5 in Dodging
  6558 | D:9      | Killed an unseen horror
  6558 | D:9      | Reached XP level 11. HP: 65/77 MP: 11/11
  6614 | D:10     | Entered Level 10 of the Dungeon
  6945 | D:11     | Noticed a catoblepas
  6945 | D:11     | Noticed a centaur warrior
  6946 | D:11     | Noticed an ogre mage
  6951 | D:11     | Noticed a purple ugly thing
  7166 | D:10     | Noticed a two-headed ogre
  7198 | D:10     | Killed a two-headed ogre
  7229 | D:10     | Found a staircase to the Lair.
  7238 | D:10     | Noticed a two-headed ogre
  7251 | D:10     | Killed a two-headed ogre
  7251 | D:10     | Reached skill level 5 in Armour
  8054 | Lair:1   | Entered Level 1 of the Lair of Beasts
  8360 | Lair:1   | Reached skill level 1 in Spellcasting
  8401 | Lair:1   | Found a bloodstained altar of Trog.
  8956 | Lair:2   | Noticed a four-headed hydra
  8961 | Lair:2   | Killed a four-headed hydra
  8961 | Lair:2   | Reached XP level 12. HP: 86/86 MP: 14/14
  9516 | Lair:2   | Noticed a death yak
  9516 | Lair:2   | Noticed a death yak
  9517 | Lair:2   | Noticed a death yak
  9517 | Lair:2   | Noticed a death yak
  9518 | Lair:2   | Noticed a death yak
  9519 | Lair:2   | Noticed a death yak
  9547 | Lair:2   | Killed a death yak
  9548 | Lair:2   | Killed a death yak
  9552 | Lair:2   | Killed a death yak
  9552 | Lair:2   | Reached skill level 11 in Stealth
  9562 | Lair:2   | Killed a death yak
  9562 | Lair:2   | Reached skill level 1 in Invocations
  9564 | Lair:2   | Killed a death yak
  9575 | Lair:2   | Reached ****** piety under Uskayaw
  9576 | Lair:2   | Killed a death yak
 10095 | Lair:3   | Found a staircase to the Snake Pit.
 10212 | Lair:3   | Reached skill level 5 in Invocations
 10253 | Lair:3   | Reached XP level 13. HP: 66/92 MP: 17/17
 10544 | Lair:3   | Found a staircase to the Swamp.
 10994 | Lair:3   | Identified a scroll of acquirement
 11166 | Lair:4   | Noticed a six-headed hydra
 11185 | Lair:4   | Reached skill level 1 in Evocations
 11213 | Lair:4   | Killed a six-headed hydra
 11373 | Lair:4   | Reached skill level 10 in Fighting
 11484 | Lair:4   | Got a warped dagger
 11485 | Lair:4   | Identified the +3 dagger of Past Mistakes {venom, rC+ rN+} (You found it on level 4 of the Lair of Beasts)
 11820 | Lair:4   | Noticed Urug
 12322 | Lair:5   | Noticed a four-headed hydra
 12339 | Lair:5   | Killed a four-headed hydra
 12995 | Lair:6   | Entered Level 6 of the Lair of Beasts
 13126 | Lair:6   | Found a staircase to the Slime Pits.
 13132 | Lair:6   | Found a viscous altar of Jiyva.
 13167 | Lair:6   | Reached skill level 1 in Shields
 13181 | Lair:6   | Reached XP level 14. HP: 91/101 MP: 21/21
 13350 | Lair:6   | Upgraded the game from 0.20-a0-421-gf6b327c to 0.20-a0-428-g059cf21
 13367 | Lair:6   | Reached skill level 10 in Invocations
 13746 | Lair:6   | Reached skill level 5 in Shields
 14615 | D:10     | Reached skill level 12 in Stealth
 14637 | D:11     | Got a sparkling amber ring
 14647 | D:11     | Identified the ring "Guciofaan" {rPois Int+2} (You found it on level 11 of the Dungeon)
 14660 | D:11     | Got a flickering amethyst amulet
 14662 | D:11     | Identified the amulet of Ceoges {Inacc Str+3} (You found it on level 11 of the Dungeon)
 14787 | D:11     | Found a staircase to the Orcish Mines.
 14795 | D:11     | Found a roughly hewn altar of Beogh.
 14975 | D:11     | Noticed Maurice
 14977 | D:11     | Got a pair of encrusted boots
 14983 | D:11     | Noticed Maurice
 14989 | D:11     | Killed Maurice the ogre
 15004 | D:11     | Identified the cursed -5 pair of boots "Koif" {rPois Str+4 Dex+4} (You found it on level 11 of the Dungeon)
 15074 | D:11     | Reached skill level 1 in Translocations
 15302 | D:12     | Reached XP level 15. HP: 108/108 MP: 23/23
 15602 | D:12     | Noticed Nessos
 15609 | D:12     | Killed Nessos
 15609 | D:12     | Reached skill level 1 in Charms
 15609 | D:12     | Reached skill level 1 in Air Magic
 16300 | D:13     | Reached skill level 5 in Evocations
 17454 | D:14     | Reached skill level 13 in Stealth
 17524 | D:14     | Found a gate to the Vaults.
 17843 | D:14     | Reached skill level 10 in Dodging
 17862 | D:14     | Reached XP level 16. HP: 66/116 MP: 24/24
 18165 | D:14     | Found Hekareza's Food Boutique.
 18631 | D:14     | Learned a level 2 spell: Ensorcelled Hibernation
 18702 | D:15     | Entered Level 15 of the Dungeon
 18748 | D:15     | Reached skill level 1 in Ice Magic
 18767 | D:15     | Reached skill level 1 in Hexes
 19122 | D:15     | Found a deep blue altar of Sif Muna.
 19301 | D:15     | Found a blossoming altar of Fedhas.
 19556 | D:15     | Found a staircase to the Depths.
 19718 | Orc:1    | Entered Level 1 of the Orcish Mines
 19975 | Orc:2    | Entered Level 2 of the Orcish Mines
 19975 | Orc:2    | Found a staircase to the Elven Halls.
 20837 | Orc:2    | Reached skill level 14 in Stealth
 22249 | Orc:1    | Reached XP level 17. HP: 68/122 MP: 25/25
 22511 | Orc:2    | Found Mattul's Antique Armour Emporium.
 22512 | Orc:2    | Found Catetuwo's Antique Weapon Shoppe.
 22513 | Orc:2    | Found Xics's General Store.
 22513 | Orc:2    | Found Quggaim's Jewellery Emporium.
 22517 | Orc:2    | Bought a scroll of magic mapping for 45 gold pieces
 22529 | Orc:2    | Bought a twisted buckler for 304 gold pieces
 22539 | Orc:2    | Identified the +2 buckler "Pierirghe" {rElec Int+4 Stlth+} (You bought it in a shop on level 2 of the Orcish Mines)
 22845 | Swamp:1  | Entered Level 1 of the Swamp
 23578 | Swamp:1  | Reached skill level 1 in Long Blades
 23621 | Swamp:1  | Noticed Kirke
 23651 | Swamp:1  | Killed Kirke
 24059 | Swamp:1  | Noticed Nikola
 24078 | Swamp:1  | Killed Nikola
 24313 | Swamp:2  | Reached skill level 5 in Spellcasting
 24404 | Swamp:2  | Reached skill level 5 in Ice Magic
 24516 | Swamp:2  | Noticed a thorn hunter
 24532 | Swamp:2  | Killed a thorn hunter
 25006 | Swamp:3  | Noticed a thorn hunter
 25802 | Swamp:3  | Noticed Roxanne
 25840 | Swamp:3  | Killed a thorn hunter
 25881 | Swamp:3  | Upgraded the game from 0.20-a0-428-g059cf21 to 0.20-a0-432-g25cc1b4
 26272 | Swamp:3  | Learned a level 6 spell: Shadow Creatures
 26646 | Swamp:4  | Entered Level 4 of the Swamp
 26710 | Swamp:4  | Reached skill level 15 in Stealth
 26711 | Swamp:4  | Reached XP level 18. HP: 93/130 MP: 26/26
 26750 | Swamp:4  | Noticed the 27-headed Lernaean hydra
 26757 | Swamp:4  | Killed the 27-headed Lernaean hydra
 26761 | Swamp:4  | Reached skill level 5 in Hexes
 27220 | Swamp:4  | Got a decaying rune of Zot
 27438 | Swamp:4  | Noticed Mara
 27448 | Swamp:4  | Noticed tsouns's illusion
 27595 | Snake:1  | Entered Level 1 of the Snake Pit
 28622 | Snake:1  | Noticed Louise
 28631 | Snake:1  | Killed Louise
 29231 | Snake:2  | Learned a level 1 spell: Apportation
 29712 | Snake:2  | Reached skill level 5 in Long Blades
 30014 | Snake:2  | Reached skill level 16 in Stealth
 30315 | Snake:3  | Lost mutation: You are partially covered in rugged brown scales. (AC +1, +3% HP) [a Zot trap]
 30416 | Snake:3  | Reached XP level 19. HP: 84/134 MP: 28/28
 32015 | Snake:4  | Entered Level 4 of the Snake Pit
 32755 | Snake:4  | Reached skill level 17 in Stealth
 34086 | Snake:4  | Got a serpentine rune of Zot
 34970 | Vaults:1 | Entered Level 1 of the Vaults
 35136 | Vaults:1 | Reached XP level 20. HP: 65/142 MP: 23/30
 35154 | Vaults:1 | Cast into level 2 of the Abyss (vault guard)
 35433 | Abyss:2  | Reached skill level 18 in Stealth
 35611 | Abyss:2  | Noticed a bone dragon
 35622 | Abyss:2  | Noticed a bone dragon
 35891 | Abyss:2  | Found a corrupted altar of Lugonu.
 36080 | Vaults:1 | Escaped the Abyss
 36365 | Vaults:1 | Got a topaz-encrusted leather armour
 36366 | Vaults:1 | Identified the +2 leather armour of Juulog {rCorr Dex+4 Stlth-} (You found it on level 1 of the Vaults)
 36811 | Vaults:1 | Noticed Gorice's ghost (adept DsNe)
 36850 | Vaults:1 | Killed Gorice's ghost
 37181 | Vaults:2 | Reached skill level 19 in Stealth
 37216 | Vaults:2 | Found Moatynydda's Assorted Antiques.
 37629 | Vaults:2 | Found Koffa's Weapon Emporium.
 37758 | Vaults:2 | Noticed an Ice Fiend
 37827 | Vaults:2 | Upgraded the game from 0.20-a0-432-g25cc1b4 to 0.20-a0-433-g9e36e56
 37827 | Vaults:2 | Found Polo's Book Shoppe.
 37828 | Vaults:2 | Found Deesmuwu's Distillery.
 37870 | Vaults:2 | Bought a potion of heal wounds for 55 gold pieces
 37870 | Vaults:2 | Bought a potion of curing for 33 gold pieces
 37870 | Vaults:2 | Bought a potion of heal wounds for 55 gold pieces
 37870 | Vaults:2 | Bought a potion of heal wounds for 55 gold pieces
 37870 | Vaults:2 | Bought a potion of might for 44 gold pieces
 37870 | Vaults:2 | Bought a potion of agility for 44 gold pieces
 38257 | Vaults:2 | Found Owaesm's Food Emporium.
 38270 | Vaults:2 | Reached XP level 21. HP: 110/145 MP: 31/31
 38783 | Vaults:2 | Killed from afar by a deep elf mage

Vault maps used:
D:1:      dpeg_arrival_pits
D:3:      first_bread
D:4:      nemelex_xobeh_ov_fountains_minmay, minivault_19, grunt_ministairs_7,
          led_xom_imps, uniq_eustachio
D:5:      corexii_shack_village, lemuel_zombie_altar_yredelemnul, uniq_menkaure,
          uniq_crazy_yiuf_cottage
D:6:      serial_shops, nicolae_shop_window_shopping, minivault_1, uniq_sigmund,
          uniq_prince_ribbit1, uniq_blork_the_orc
D:7:      lemuel_crystal_altar, patterned_corridor
D:9:      nicolae_overflow_crystal_walls, the_bakery, uniq_erica
D:10:     erik_rubicon_a, due_lair_maze_entry_diamond
D:11:     minmay_ambush_box, minmay_orc_entry_temple_small, uniq_maurice
D:12:     uniq_nessos
D:13:     minmay_guarded_unrand_finisher
D:14:     minmay_elf_outpost, lightli_vaults_fourway_checkpoint, serial_shops,
          shop, serial_bayou_pond_a
D:15:     grunt_enter_depths_snipers, roderic_hopi_sauvastika, serial_glass,
          glass_columns_a, glass_columns_a, feat_on_display, item_on_display_b,
          minmay_strange_pillars, due_unseen_surprise, hangedman_feature_mirror
Temple:   minmay_crystal_spiral_temple
Lair:1:   serial_forest, infiniplex_forest_clump_medium,
          infiniplex_forest_straight_1, infiniplex_forest_clump_medium,
          infiniplex_forest_straight_4, infiniplex_forest_lined_ring,
          infiniplex_forest_lined_room_2, infiniplex_forest_clump_large,
          basic_altar, kennysheep_abandoned_house, infiniplex_staircase_pool
Lair:2:   grunt_forest_stairs_basic, st_stairs_3
Lair:3:   nicolae_swamp_entry_splash_gauntlet,
          minmay_snake_entry_guardpost_large, lemuel_fruit_tree
Lair:4:   uniq_urug
Lair:5:   infiniplex_staircase_pool_2, grunt_megastairs_4, lemuel_fruit_fields,
          serial_bayou_shore_b
Lair:6:   evilmike_catoblepas_cave, slime_altar_1
Swamp:1:  nicolae_swamp_very_dense_foliage, uniq_kirke, uniq_nikola
Swamp:2:  evilmike_swamp_ruin_wall
Swamp:3:  evilmike_swamp_ruin_rubble_2, uniq_roxanne
Swamp:4:  swamp_old_school, uniq_mara
Snake:1:  uniq_louise
Snake:2:  hangedman_corner_corridor
Snake:4:  snake_pit
Orc:2:    st_orc_congregation
Vaults:1: vaults_room_large_hall, ontoclasm_vaults_gallery, v_misc_27,
          vaults_room_stairs_pillars, nicolae_vaults_yaktaur_gun_rack
Vaults:2: ontoclasm_vaults_claustrophobia, nicolae_vaults_little_squares_5,
          st_greater_box_4, v_misc_5, hangedman_vaults_slice, v_misc_18,
          nicolae_vaults_three_branches, v_alt_pattern_6, vaults_mumra_hexcomb,
          serial_shops, shop, nicolae_shop_overgrown_old_shop,
          nicolae_shop_stone, shop, shop

Skill      XL: |  1  2  3  4  5  6  7  8  9 10 11 12 13 14 15 16 17 18 19 20 |
---------------+-------------------------------------------------------------+-----
Short Blades   | 4 5 6 7 8 10 11 12 13 | 13.6
Stealth        | 3 4 5 6 7 8 10 11 12 13 14 15 16 17 19 | 19.8
Fighting       | 3 4 6 7 8 9 10 11 12 13 14 | 14.7
Armour         | 4 5 7 9 |  9.6
Dodging        | 5 7 8 10 | 10.4
Spellcasting   | 1 2 3 4 5 7 |  7.2
Invocations    | 5 9 11 12 | 12.0
Evocations     | 3 4 6 7 |  7.0
Shields        | 3 8 |  8.1
Translocations | 1 |  1.8
Charms         | 1 |  1.2
Air Magic      | 1 |  1.0
Ice Magic      | 3 5 7 8 |  8.0
Hexes          | 3 4 5 6 |  6.2
Long Blades    | 3 5 6 9 |  9.8

Action                   |  1- 3 |  4- 6 |  7- 9 | 10-12 | 13-15 | 16-18 | 19-21 || total
-------------------------+-------+-------+-------+-------+-------+-------+-------++-------
Melee: Short sword       |    32 |    95 |   319 |   626 |  1169 |  1025 |       ||  3266
       Dagger            |    48 |    65 |       |       |    99 |       |       ||   212
       Rapier            |       |       |       |       |       |   957 |  1409 ||  2366
       Falchion          |       |       |       |       |       |    16 |       ||    16
       Scimitar          |       |       |       |       |       |       |    29 ||    29
Throw: Stone             |       |     1 |     3 |     4 |       |       |       ||     8
       Tomahawk          |       |       |       |       |     1 |       |       ||     1
 Cast: Repel Missiles    |       |     1 |       |     1 |     2 |     2 |     2 ||     8
       Ensorcelled Hiber |       |       |       |       |       |     1 |    23 ||    24
Invok: Stomp             |       |       |     1 |       |       |    15 |     1 ||    17
       Grand Finale      |       |       |       |       |     2 |     1 |     2 ||     5
Evoke: Wand              |       |       |       |       |     2 |     6 |     3 ||    11
       Lamp of fire      |       |       |       |       |     1 |     3 |     2 ||     6
       Phial of floods   |       |       |       |       |     1 |     2 |       ||     3
       Phantom mirror    |       |       |       |       |       |     1 |       ||     1
  Use: Scroll            |       |    11 |     8 |     7 |     8 |    10 |    11 ||    55
       Potion            |       |     2 |     4 |     4 |     4 |       |     2 ||    16
 Stab: Sleeping          |     3 |    11 |    20 |    34 |    45 |    31 |    23 ||   167
       Invisible         |       |     3 |       |       |       |       |       ||     3
       Paralysed         |       |       |     2 |    20 |    62 |    94 |    90 ||   268
       Distracted        |       |       |       |     1 |     4 |     9 |     9 ||    23
       Petrified         |       |       |       |       |     4 |       |       ||     4
       Petrifying        |       |       |       |       |     1 |       |       ||     1
       Confused          |       |       |       |       |       |     2 |       ||     2
  Eat: Chunk             |       |     2 |     5 |    19 |    14 |     4 |       ||    44
       Beef jerky        |       |     1 |       |     2 |     4 |     3 |     1 ||    11
       Bread ration      |       |     1 |       |     1 |       |     5 |     2 ||     9
       Pizza             |       |       |       |       |     2 |     4 |     1 ||     7
       Royal jelly       |       |       |       |       |     1 |       |       ||     1
       Meat ration       |       |       |       |       |       |     1 |     3 ||     4
Armor: Robe              |     6 |     8 |     1 |       |       |       |       ||    15
       Leather armour    |       |       |     9 |       |       |       |       ||     9
       Quicksilver drago |       |       |    77 |   144 |   241 |   393 |   273 ||  1128
Dodge: Dodged            |    62 |    84 |   149 |   257 |   533 |  1181 |   795 ||  3061
       Deflected         |       |       |       |     3 |     3 |     7 |     2 ||    15
Block: Buckler           |       |       |       |       |   183 |   733 |   543 ||  1459
       Reflection        |       |       |       |       |       |       |    15 ||    15
       Rpst.: Falchion   |       |       |       |       |       |     2 |       ||     2
       Scimitar          |       |       |       |       |       |       |     5 ||     5
